 Dungeon Crawl Stone Soup version 0.29-a0-416-g83a48905f1 (webtiles) character file.

Game seed: 4776846421212598221

459 jlumianski the Chopper (level 6, -1/48 HPs)
             Began as a Demonspawn Fighter on May 16, 2022.
             Slain by a vampire (3 damage)
             ... on level 5 of the Dungeon.
             The game lasted 00:12:04 (4561 turns).

jlumianski the Chopper (Demonspawn Fighter)         Turns: 4561, Time: 00:12:04

Health: -1/48      AC: 17    Str: 18    XL:     6   Next: 78%
Magic:  6/6        EV:  5    Int: 10    God:
Gold:   209        SH:  4    Dex: 12    Spells: 5/5 levels left

rFire   . . .      SeeInvis .   a - +1 war axe (flame)
rCold   . . .      Faith    .   c - +0 buckler
rNeg    . . .      Spirit   .   r - +0 plate armour
rPois   .          Reflect  .   (no helmet)
rElec   .          Harm     .   p - +0 cloak
rCorr   .          Rampage  .   (no gloves)
Will    .....                   k - +0 pair of boots
Stlth   ..........              (no amulet)
HPRegen 0.16/turn               (no ring)
MPRegen 0.10/turn               (no ring)

@: no status effects
A: yellow scales 2, demonic guardian 1, powered by pain 2
a: no special abilities


You were on level 5 of the Dungeon.
You visited 1 branch of the dungeon, and saw 5 of its levels.

You collected 209 gold pieces.

Inventory:

Hand Weapons
 a - a +1 war axe of flaming (weapon)
Missiles
 h - 155 stones
 i - a throwing net
 s - 5 poisoned darts (quivered)
Armour
 b - a +0 scale mail
 c - a +0 buckler (worn)
 k - a +0 pair of boots (worn)
 p - a +0 cloak (worn)
 r - a +0 plate armour (worn)
Magical Staves
 f - a staff of conjuration
Wands
 o - a wand of iceblast (10)
 t - a wand of paralysis (11)
 x - a wand of flame (5)
Scrolls
 j - 2 scrolls of teleportation
 u - 2 scrolls of identify
 v - a scroll of immolation
Potions
 d - 2 potions of might
 e - 2 potions of curing
 g - a potion of heal wounds
 l - a potion of degeneration
 m - a potion of lignification
 n - a potion of flight
 q - a potion of attraction
 w - a potion of invisibility {unknown}
 z - a potion of mutation {unknown}


   Skills:
 + Level 4.0 Fighting
 + Level 4.9 Axes
 + Level 3.7 Armour
 + Level 0.9 Dodging
 + Level 0.7 Stealth
 + Level 3.4 Shields


You had 5 spell levels left.
You didn't know any spells.
Your spell library contained the following spells:

 Spells                   Type           Power      Damage    Failure   Level
 Ensorcelled Hibernation  Hex/Ice        0%         N/A       100%        2
 Passwall                 Tmut/Erth      0%         N/A       100%        2
 Gell's Gravitas          Tloc           0%         N/A       100%        3
 Lesser Beckoning         Tloc           0%         N/A       100%        3
 Swiftness                Air            0%         N/A       100%        3
 Teleport Other           Tloc           0%         N/A       100%        3


Dungeon Overview and Level Annotations

Branches:
Dungeon (5/15)             Temple (0/1) D:5

Altars:
The Shining One


Innate Abilities, Weirdness & Mutations

You are mostly covered in yellow scales. (AC +3)
A weak demonic guardian rushes to your aid.
You sometimes gain power by taking damage.


Message History

Found a pink potion.
A vampire comes into view.
The vampire mumbles some strange words.
The vampire flickers and vanishes!
Deactivating autopickup; reactivate with Ctrl-A.
Something hits you.
A demonic guardian appears!
Something bites you but does no damage.
You see here a pink potion.
z - a pink potion Something hits you but does no damage.
Something bites you but does no damage.
You hear some strange, mumbled words.
You are confused.
Something barely misses your shadow imp.
Something completely misses your shadow imp.
Something hits your shadow imp!
Something bites your shadow imp but does no damage.
You bump into the rock wall.
Something hits your shadow imp!
Your shadow imp dies!
Your shadow imp disappears in a puff of smoke!
You bump into the rock wall.
Something hits you but does no damage. Something bites you but does no damage.
You bump into the rock wall.
Something hits you but does no damage. Something bites you but does no damage.
You feel better.
You hear the slow hiss of an avalanche of sand very nearby.
Something hits you. Something bites you but does no damage.
You closely miss something. Something hits you!
Something bites you but does no damage.
You miss something. Something hits you. Something bites you but does no damage.
You slash something! You burn something. Something hits you but does no damage.
Something bites you but does no damage.
You slash something! You burn something. Something hits you.
Something bites you but does no damage. Something draws life force from you.
You hit something. You burn something. Something draws life force from you!!
* * * LOW HITPOINT WARNING * * *
A demonic guardian appears!
You miss something. Something hits you.
* * * LOW HITPOINT WARNING * * *
Something bites you.
You die...

#........###≈.≈##*,,+,,,,,****
#........##≈§.§≈#*,,*****,,* *
#........#§§§..≈**,,* *,,* *
#......###§§§≈.#***** *,,***
#........##≈§..## *,,,**
####........##§....# *,*,**
............###....# *,*,**
..............5#.#** *,*,,*
...............{@# *,**,*
#########......###
********,,,,* #......#
*,,,,,,,<,,,, #......#
*,,,,,,,,,,*, #......#
*,,,,,,,,,,*, #......#
*,,,,,,,,,,*, #......#
*,,,,,,,,,,+, #......#
*,,,,,,,,,,** *,,,,,,*
*,,,,,,,,,,*


You could see a friendly white imp (summoned).

Vanquished Creatures
  An ice beast (D:5)
  A scorpion (D:2)
  A hound (D:4)
  Ijyb (D:4)
  Jessica (D:2)
  An iguana (D:4)
  4 gnolls (D:3)
  6 adders
  A white imp (D:4)
  3 worms (D:2)
  3 dart slugs
  8 orcs
  8 bats
  9 endoplasms
  2 giant cockroaches
  8 goblins
  3 hobgoblins
  6 jackals
  10 kobolds
  A quokka (D:4)
  9 ball pythons
  5 frilled lizards
  3 rats
95 creatures vanquished.

Vanquished Creatures (others)
  A kobold (D:3)
1 creature vanquished.

Grand Total: 96 creatures vanquished

Notes
Turn   | Place    | Note
-------+----------+-------------------------------------------
     0 | D:1      | jlumianski the Demonspawn Fighter began the quest for the
                  | Orb.
     0 | D:1      | Reached XP level 1. HP: 18/18 MP: 1/1
   220 | D:1      | Gained mutation: You sometimes gain a little power by
                  | taking damage. [demonic ancestry]
   220 | D:1      | Reached XP level 2. HP: 24/24 MP: 2/2
  1029 | D:1      | Gained mutation: You are partially covered in yellow
                  | scales. (AC +2) [demonic ancestry]
  1029 | D:1      | Reached XP level 3. HP: 29/29 MP: 3/3
  1409 | D:3      | Noticed Jessica
  1416 | D:2      | Killed Jessica
  1417 | D:2      | Gained mutation: A weak demonic guardian rushes to your
                  | aid. [demonic ancestry]
  1417 | D:2      | Reached XP level 4. HP: 34/35 MP: 4/4
  1923 | D:2      | Found a faded altar of an unknown god.
  2040 | D:3      | Noticed a scorpion
  2117 | D:2      | Killed a scorpion
  2118 | D:2      | Gained mutation: You sometimes gain power by taking damage.
                  | [demonic ancestry]
  2118 | D:2      | Reached XP level 5. HP: 13/41 MP: 5/5
  3688 | D:4      | Gained mutation: You are mostly covered in yellow scales.
                  | (AC +3) [demonic ancestry]
  3688 | D:4      | Reached XP level 6. HP: 48/48 MP: 6/6
  4371 | D:4      | Noticed Ijyb
  4391 | D:4      | Killed Ijyb
  4507 | D:5      | Entered Level 5 of the Dungeon
  4510 | D:5      | Noticed an ice beast
  4520 | D:5      | Killed an ice beast
  4542 | D:5      | Noticed a vampire
  4561 | D:5      | HP: 2/48 [something (3)]
  4561 | D:5      | Slain by a vampire

Illustrated notes

Levels and vault maps discovered:
D:1:      minmay_arrival_five_plusses, layout_basic, kennysheep_crisscross,
          chequers_serial_rivers_small_3
D:2:      layout_basic, shapermc_ecumenical_altar_hornbeckon,
          minmay_pentomino_q2
D:3:      layout_loops_cross, nicolae_tso_carved_into_rock, uniq_jessica
D:4:      layout_rooms, uniq_ijyb
D:5:      layout_basic, minmay_temple_entry_fiery, gup_ossuary_entry_pyramid,
          st_stairs_1

Skill      XL: |  1  2  3  4  5  6 |
---------------+-------------------+-----
Axes           | 2 3 4 |  4.9
Armour         | 3 |  3.7
Shields        | 3 |  3.4
Fighting       | 4 |  4.0
Dodging        | |  0.9
Stealth        | |  0.7

Action                   |  1- 3 |  4- 6 || total
-------------------------+-------+-------++-------
Melee: War axe           |    86 |   220 ||   306
Throw: Dart              |       |     4 ||     4
Evoke: Wand              |       |     1 ||     1
  Use: Scroll            |     5 |    14 ||    19
       Potion            |       |     3 ||     3
 Stab: Paralysed         |       |     6 ||     6
Armor: Scale mail        |    60 |    55 ||   115
       Plate armour      |       |   106 ||   106
Dodge: Dodged            |    48 |    69 ||   117
Block: Buckler           |    18 |    56 ||    74

Table legend: (Time is in decaauts)
 A = Elapsed time spent in this place.
 B = Non-inter-level travel time spent in this place.
 C = Inter-level travel time spent in this place.
 D = Time resting spent in this place.
 E = Time spent auto-exploring this place.
 F = Levels seen in this place.
 G = Mean time per level.
                   A        B        C        D        E       F      G
               +--------+--------+--------+--------+--------+-----+--------+
         Total |   4706 |   4650 |     56 |    382 |   2931 |   5 |  941.2 |
       Dungeon |   4706 |   4650 |     56 |    382 |   2931 |   5 |  941.2 |
               +--------+--------+--------+--------+--------+-----+--------+

Top non-repeatable levels by time:
     D:1: 1245 daAuts
     D:3: 1235 daAuts
     D:2: 1211 daAuts
     D:4: 957 daAuts
     D:5: 57 daAuts
